 Dungeon Crawl Stone Soup version 0.20.1-1-g8b1a95d (webtiles) character file.

142 Lanoc the Insei (level 5, -6/40 HPs)
             Began as a Draconian Transmuter on Nov 27, 2017.
             Mangled by homeworkjunkie's ghost (7 damage)
             ... on level 3 of the Dungeon.
             The game lasted 00:18:57 (2903 turns).

Lanoc the Insei (Draconian Transmuter)              Turns: 2903, Time: 00:18:57

Health: -6/40      AC:  5    Str: 12    XL:     5   Next: 3%
Magic:  2/9        EV: 13    Int: 14    God:
Gold:   145        SH:  0    Dex: 15    Spells: 3/9 levels left

rFire    + . .     SeeInvis .     - Unarmed
rCold    x . .     Gourm    .   (no shield)
rNeg     . . .     Faith    .   (armour unavailable)
rPois    .         Spirit   .   (helmet restricted)
rElec    .         Reflect  .   (no cloak)
rCorr    .         Harm     .   (no gloves)
MR       .....                  (no boots)
Stlth    +++.......             (no amulet)
Regen    0.2/turn               j - ring of fire
MPRegen  0.2/turn               k - +3 ring of dexterity

@: no status effects
A: unfitting armour, talons 1, camouflage 1, cold-blooded, AC +5
a: no special abilities


You were on level 3 of the Dungeon.
You were not hungry.

You visited 1 branch of the dungeon, and saw 3 of its levels.

You collected 145 gold pieces.

Inventory:

Hand Weapons
 i - a +1 vampiric dagger
 m - a +2 dagger of venom
Missiles
 a - 36 arrows
Jewellery
 j - a ring of fire (left hand)
 k - a +3 ring of dexterity (right hand)
Wands
 q - a wand of polymorph (22/24)
Scrolls
 d - a scroll of remove curse {unknown}
 e - 2 scrolls of teleportation {unknown}
 f - a scroll of recharging
 r - 2 scrolls of identify {unknown}
 x - a scroll of enchant weapon {unknown}
 y - a scroll of magic mapping {unknown}
Potions
 g - 2 potions of curing
 l - a potion of invisibility {unknown}
 p - a potion of magic {unknown}
 t - a potion of resistance {unknown}
 v - a potion of cancellation {unknown}
Books
 b - a book of Changes

   Spells                             Type                      Level
   a - Beastly Appendage              Transmutation                1
   b - Sticks to Snakes               Transmutation                2
   c - Spider Form                    Transmutation/Poison         3
   d - Ice Form                       Ice/Transmutation            4
   e - Blade Hands                    Transmutation                5
Comestibles
 c - 2 bread rations
 s - 5 fruits
 u - a royal jelly
 w - a meat ration


   Skills:
 + Level 1.1 Fighting
 + Level 0.1 Throwing
 + Level 2.9 Dodging
 + Level 0.6 Stealth
 + Level 4.1 Unarmed Combat
 + Level 2.7 Spellcasting
 + Level 2.6 Transmutations


You had 3 spell levels left.
You knew the following spells:

 Your Spells              Type           Power        Failure   Level  Hunger
a - Beastly Appendage     Tmut           #.....       8%          1    #......
b - Sticks to Snakes      Tmut           #.......     12%         2    ###....
c - Spider Form           Tmut/Pois      #.........   36%         3    ###....


Dungeon Overview and Level Annotations

Branches:
Dungeon (3/15)

Altars:
Cheibriados
Okawaru

Annotations:
D:3 homeworkjunkie's ghost, amateur HOFi


Innate Abilities, Weirdness & Mutations

Your plain brown scales are hard. (AC +5)
You cannot fit into any form of body armour.
You are cold-blooded and may be slowed by cold attacks.
You have sharp toenails.
Your skin changes colour to match your surroundings (Stealth+).


Message History

Aim: homeworkjunkie's ghost (moderately damaged)
You throw a javelin.
The javelin hits homeworkjunkie's ghost.
Homeworkjunkie's ghost is moderately damaged.
Homeworkjunkie's ghost hits you.
* * * LOW HITPOINT WARNING * * *
Homeworkjunkie's ghost hits you but does no damage.
As you read the scroll labeled ZEARAOV RACALY, it crumbles to dust.
It is a scroll of recharging.
Charge which item? (? for menu, Esc to quit)
Your wand of polymorph (?/24) glows for a moment.
Homeworkjunkie's ghost hits you but does no damage.
Evoke which item? (* to show all) (? for menu, Esc to quit)
Aiming: Polymorph (will waste charges)
Press: ? - help, Shift-Dir - straight line, f/p - homeworkjunkie's ghost
Aim: homeworkjunkie's ghost (moderately damaged, chance to defeat MR: 34%) Homeworkjunkie's ghost is unaffected.
Evoking this partially-identified wand wasted a few charges.
Homeworkjunkie's ghost hits you!
You die...

###### #....## ##.##..# ####
###### ##.####.#
...####....#######.#.#.#.###
...'..'....'...W@#.##..#..>#
...####....########.######.#
#### #....# ##.## #.# #....#
####[## #.# #)...# #..##.#
#.# #....# #.#.#.# #.# ###
#....# #####.####.#
..#####....######.##_##.##.#
..'...'....)...##..####.##.#


You could see homeworkjunkie's ghost.

Vanquished Creatures
  An orc priest (D:3)
  4 adders
  An ooze (D:1)
  A worm (D:3)
  5 dart slugs
  2 leopard geckos
  2 orcs (D:3)
  A giant cockroach (D:2)
  9 goblins
  8 hobgoblins
  4 jackals
  4 kobolds
  2 quokkas (D:3)
  3 bats (D:2)
  4 frilled lizards
  5 rats
56 creatures vanquished.

Vanquished Creatures (collateral kills)
  An orc (D:3)
  A hobgoblin (D:3)
2 creatures vanquished.

Grand Total: 58 creatures vanquished

Notes
Turn   | Place    | Note
-------+----------+-------------------------------------------
     0 | D:1      | Lanoc the Draconian Transmuter began the quest for the Orb.
     0 | D:1      | Reached XP level 1. HP: 16/16 MP: 3/3
   410 | D:1      | Reached XP level 2. HP: 13/23 MP: 3/5
   435 | D:1      | Learned a level 2 spell: Sticks to Snakes
  1087 | D:2      | Found a snail-covered altar of Cheibriados.
  1263 | D:2      | Reached XP level 3. HP: 20/28 MP: 4/6
  1312 | D:2      | Learned a level 3 spell: Spider Form
  1678 | D:2      | Reached XP level 4. HP: 20/35 MP: 5/7
  2424 | D:3      | Reached skill level 4 in Unarmed Combat
  2586 | D:3      | Reached XP level 5. HP: 32/40 MP: 7/9
  2622 | D:3      | Found an iron altar of Okawaru.
  2719 | D:3      | Noticed homeworkjunkie's ghost (amateur HOFi)
  2804 | D:3      | HP: 1/40 [homeworkjunkie's ghost (13)]
  2897 | D:3      | Gained mutation: You have sharp toenails. [potion of mutation]
  2897 | D:3      | Gained mutation: Your skin changes colour to match your surroundings (Stealth+). [potion of mutation]
  2901 | D:3      | HP: 1/40 [homeworkjunkie's ghost (4)]
  2903 | D:3      | Mangled by homeworkjunkie's ghost

Skill      XL: |  1  2  3  4 |
---------------+-------------+-----
Dodging        | 2 |  2.9
Unarmed Combat | 4 |  4.1
Fighting       | |  1.1
Throwing       | |  0.1
Stealth        | |  0.6
Spellcasting   | |  2.7
Transmutations | |  2.6

Action                   |  1- 3 |  4- 6 || total
-------------------------+-------+-------++-------
Melee: Unarmed           |   127 |    60 ||   187
       Tailslap          |    15 |    15 ||    30
       Headbutt          |     4 |       ||     4
       Kick              |    12 |     4 ||    16
Throw: Javelin           |       |     6 ||     6
 Cast: Beastly Appendage |    22 |    14 ||    36
       Sticks to Snakes  |       |    12 ||    12
Evoke: Wand              |       |     1 ||     1
  Use: Potion            |       |     2 ||     2
       Scroll            |       |     1 ||     1
 Stab: Sleeping          |     1 |     3 ||     4
  Eat: Meat ration       |     1 |       ||     1
       Chunk             |       |     3 ||     3
Armor: Skin              |    32 |    15 ||    47
Dodge: Dodged            |    86 |    36 ||   122
